 Dungeon Crawl Stone Soup version 0.22-a0-458-gb446440 (webtiles) character file.

85 Shymer the Gusty (level 4, -1/35 HPs)
             Began as a Demigod Air Elementalist on Oct 28, 2017.
             Slain by Crazy Yiuf
             ... wielding a +2 quarterstaff of chaos
              (4 damage)
             ... on level 3 of the Dungeon on June 8, 2018.
             The game lasted 00:31:33 (2628 turns).

Shymer the Gusty (Demigod Air Elementalist)         Turns: 2628, Time: 00:31:34

Health: -1/35      AC:  8    Str: 11    XL:     4   Next: 5%
Magic:  9/9        EV:  5    Int: 21    God:
Gold:   25         SH:  0    Dex: 16    Spells: 5/6 levels left

rFire    . . .     SeeInvis .   b - +1 mace (protect)
rCold    . . .     Gourm    .   (no shield)
rNeg     . . .     Faith    .   n - +0 chain mail (curse)
rPois    .         Spirit   .   (no helmet)
rElec    .         Reflect  .   (no cloak)
rCorr    .         Harm     .   (no gloves)
MR       .....                  (no boots)
Stlth    ..........             (no amulet)
HPRegen  0.11/turn              (no ring)
MPRegen  0.11/turn              (no ring)

@: drained
A: high mp 1
a: no special abilities


You were on level 3 of the Dungeon.
You were not hungry.

You visited 1 branch of the dungeon, and saw 3 of its levels.

You collected 25 gold pieces.

Inventory:

Hand Weapons
 b - a +1 mace of protection (weapon)
 e - a +0 spear
 m - a +0 whip
Missiles
 i - 28 bolts
 k - 15 stones (quivered)
 l - 23 poisoned needles
 o - 18 arrows
 p - 23 sling bullets
Armour
 a - a +0 robe
 c - a +0 scale mail
 n - a cursed +0 chain mail (worn)
Scrolls
 g - a scroll of identify {unknown}
 j - 3 scrolls of teleportation
 s - a scroll of remove curse {unknown}
Potions
 d - a potion of curing {unknown}
 h - a potion of mutation {unknown}
 q - 2 potions of magic {unknown}
Comestibles
 f - 3 rations
 r - 5 chunks of flesh


   Skills:
 + Level 1.4(1.1) Fighting
 - Level 1.7(1.5) Dodging
 - Level 1.7(1.5) Stealth
 - Level 1.7(1.5) Spellcasting
 - Level 0.8(0.6) Conjurations
 * Level 4.3(4.0) Air Magic


You had 5 spell levels left.
You knew the following spells:

 Your Spells              Type           Power        Failure   Level  Hunger
a - Shock                 Conj/Air       ##..         98%         1    #......

Your spell library contained the following spells:

 Spells                   Type           Power        Failure   Level  Hunger
 Lightning Bolt           Conj/Air       ##........   100%        5    ######.
 Swiftness                Chrm/Air       ##......     100%        2    ###....
 Airstrike                Air            ###.......   100%        4    #####..
 Static Discharge         Conj/Air       ##......     100%        3    ###....


Dungeon Overview and Level Annotations

Branches:
Dungeon (3/15)

Annotations:
D:2 Sigmund
D:3 Crazy Yiuf


Innate Abilities, Weirdness & Mutations

You have an increased reservoir of magic. (+10% MP)


Message History

Crazy Yiuf is severely wounded.
You feel sick.
Crazy Yiuf hits you with a quarterstaff of chaos.
Crazy Yiuf freezes you.
* * * LOW HITPOINT WARNING * * *
Crazy Yiuf says, "Whippet senile sing-song!"
You feel sick.
You feel sick.
Crazy Yiuf cries, "Rot horse tea!"
You feel sick.
Crazy Yiuf yells, "Earwax!
Orb bag shoe."
You feel sick.
You are no longer poisoned.
Crazy Yiuf laughs, "Line head water!"
Crazy Yiuf hits you with a quarterstaff of chaos.
* * * LOW HITPOINT WARNING * * *
Your chain mail prevents you from hitting Crazy Yiuf.
Crazy Yiuf is heavily wounded.
Crazy Yiuf hits you with a quarterstaff of chaos.
You die...

#.# #.####
#.# #....#
##'##
####.#
#...## #.#
.....##
#.#
......##
#.#
.......#
#.#
.......+
#.#
.......#
#@#
......##
##g##
.....##
#####.#.##
#...##
#....###.#
##+##
#.###.#.##
##.## #.#
#.# #.#


You could see Crazy Yiuf.

Vanquished Creatures
  An adder (D:3)
  A gnoll (D:1)
  An ooze (D:1)
  4 dart slugs
  4 orcs (D:3)
  2 ball pythons (D:1)
  7 bats
  A giant cockroach (D:2)
  4 goblins
  9 hobgoblins
  A jackal (D:3)
  3 kobolds
  5 frilled lizards
  5 rats
  A fungus (D:3)
49 creatures vanquished.

Notes
Turn   | Place    | Note
-------+----------+-------------------------------------------
     0 | D:1      | Shymer the Demigod Air Elementalist began the quest for the Orb.
     0 | D:1      | Reached XP level 1. HP: 14/14 MP: 5/5
   122 | D:1      | Reached skill level 3 in Air Magic
   239 | D:1      | Reached XP level 2. HP: 20/20 MP: 0/7
   785 | D:1      | Reached XP level 3. HP: 22/27 MP: 1/8
  1269 | D:2      | Found a sparkling altar of Nemelex Xobeh.
  1569 | D:2      | Reached skill level 1 in Fighting
  1590 | D:2      | Reached skill level 4 in Air Magic
  1615 | D:2      | Noticed Sigmund
  2449 | D:3      | Reached XP level 4. HP: 20/35 MP: 9/9
  2594 | D:3      | Found a runed door.
  2598 | D:3      | Noticed Crazy Yiuf
  2628 | D:3      | Slain by Crazy Yiuf

Vault maps used:
D:1:      evilmike_arrival_plus
D:2:      nemelex_xobeh_ov_fountains_minmay, uniq_sigmund
D:3:      uniq_crazy_yiuf_cottage

Skill      XL: |  1  2  3 |
---------------+----------+-----
Air Magic      | 3 4 |  4.3
Fighting       | 1 |  1.4
Dodging        | |  1.7
Stealth        | |  1.7
Spellcasting   | |  1.7
Conjurations   | |  0.8

Action                   |  1- 3 |  4- 6 || total
-------------------------+-------+-------++-------
Melee: Spear             |    99 |       ||    99
       Mace              |    44 |    34 ||    78
 Cast: Shock             |    75 |       ||    75
  Use: Scroll            |     1 |       ||     1
  Eat: Ration            |     1 |       ||     1
       Buggy ration      |     1 |       ||     1
Armor: Robe              |     2 |       ||     2
       Chain mail        |    73 |    19 ||    92
Dodge: Dodged            |    52 |     7 ||    59

Table legend:
 A = Spawn XP
 B = Non-spawn XP
 C = Spawn XP percentage of total XP
 D = Spawn monster count
 E = Non-spawn monster count
 F = Spawn count percentage of total count
 G = Total turns spent on level
                    A         B        C        D         E        F      G
               +---------+---------+-------+---------+---------+-------+---------
         Total |       0 |     122 |   0.0 |       0 |      48 |   0.0 |  2628
               +---------+---------+-------+---------+---------+-------+---------
           D:1 |       0 |      54 |   0.0 |       0 |      19 |   0.0 |  1211
           D:2 |       0 |      18 |   0.0 |       0 |      11 |   0.0 |   423
           D:3 |       0 |      50 |   0.0 |       0 |      18 |   0.0 |   994
               +---------+---------+-------+---------+---------+-------+---------
